 Dungeon Crawl Stone Soup version 0.26.1-11-gd32895ea62 (webtiles) character file.

Game seed: 13472286175418086638

39106 ubername the Frost Mage (level 14, -8/141 HPs)
             Began as a Barachi Ice Elementalist on June 23, 2021.
             Was an Elder of Vehumet.
             Mangled by a death yak (10 damage)
             ... on level 4 of the Lair of Beasts.
             The game lasted 01:34:43 (28422 turns).

ubername the Frost Mage (Barachi Ice Elementalist) Turns: 28422, Time: 01:34:44

Health: -8/141     AC: 15    Str:  7    XL:     14   Next: 5%
Magic:  0/29       EV: 15    Int: 18    God:    Vehumet [****..]
Gold:   787        SH:  0    Dex: 14    Spells: 3/36 levels left

rFire    . . .     SeeInvis .   a - +3 quarterstaff (chaos)
rCold    . . .     Faith    .   (shield currently unavailable)
rNeg     + + +     Spirit   +   B - +3 steam dragon scales
rPois    +         Reflect  .   w - +1 helmet
rElec    +         Harm     .   L - +2 cloak
rCorr    .         Rampage  .   (no gloves)
Will     +....                  r - +1 pair of boots
Stlth    ..........             c - amulet of guardian spirit
HPRegen  0.33/turn              e - ring of ice
MPRegen  0.21/turn              n - ring "Xijuux" {Fire +Blink rPois rN+++ Str-4}

@: berserking (expiring), quick
A: +LOS, swims, poison resistance, electricity resistance, slowness 1, strong
legs 2
a: Hop, Renounce Religion, Evoke Blink


You were on level 4 of the Lair of Beasts.
You worshipped Vehumet.
Vehumet was greatly pleased with you.
You visited 3 branches of the dungeon, and saw 17 of its levels.
You visited the Abyss 1 time.
You also visited: Bailey.

You collected 2047 gold pieces.
You spent 1260 gold pieces at shops.

Inventory:

Hand Weapons
 a - a +3 quarterstaff of chaos (weapon)
 C - a +0 whip of flaming
Missiles
 y - 37 poisoned darts (quivered)
 z - 4 silver boomerangs
 E - 28 boomerangs
Armour
 r - a +1 pair of boots (worn)
 w - a +1 helmet (worn)
 B - +3 steam dragon scales (worn)
 L - a +2 cloak (worn)
Magical Staves
 b - an uncursed staff of cold
 J - an uncursed staff of death
Jewellery
 c - an amulet of guardian spirit (around neck)
 e - a ring of ice (left hand)
 g - an uncursed amulet of regeneration
 j - an uncursed ring of flight
 n - the ring "Xijuux" (right hand) {Fire +Blink rPois rN+++ Str-4}
   (You found it on level 6 of the Dungeon)

   [ring of fire]

   It enhances your fire magic.
   It affects your strength (-4).
   It protects you from fire.
   It makes you vulnerable to cold.
   It protects you from poison.
   It renders you almost immune to negative energy.
   It lets you blink.
 q - an uncursed amulet of faith
 s - an uncursed ring of protection from fire
 x - the ring "Decsuos" {rPois Str-4 Int-3 Slay+5}
   (You found it on level 5 of the Dungeon)

   [ring of strength]

   It affects your strength (-4).
   It affects your intelligence (-3).
   It affects your accuracy and damage with ranged weapons and melee attacks
   (+5).
   It protects you from poison.
 G - an uncursed ring of stealth
 I - the ring "Xoemag" {rF++ Str-5 Int+6 Dex+4}
   (You acquired it on level 1 of the Lair of Beasts)

   [ring of intelligence]

   It affects your strength (-5).
   It affects your intelligence (+6).
   It affects your dexterity (+4).
   It greatly protects you from fire.
 K - an uncursed amulet of reflection
 P - an uncursed ring of stealth
Wands
 k - a wand of random effects (24)
 l - a wand of paralysis (1)
 o - a wand of flame (33)
 v - a wand of polymorph (25)
 M - a wand of acid (4)
Scrolls
 f - 4 scrolls of magic mapping
 h - 9 scrolls of teleportation
 p - a scroll of blinking
 t - 13 scrolls of identify
 u - a scroll of acquirement
 A - 2 scrolls of fog
 H - a scroll of fear
 N - 2 scrolls of remove curse
 O - a scroll of brand weapon {unknown}
 Q - a scroll of enchant armour
Potions
 d - 4 potions of flight
 i - 2 potions of brilliance
 m - 5 potions of curing
 D - a potion of might
Miscellaneous
 F - a phantom mirror


   Skills:
 - Level 3.7 Fighting
 + Level 2.6 Short Blades
 - Level 8.7 Staves
 - Level 7.3 Throwing
 + Level 5.4 Dodging
 - Level 3.7 Stealth
 + Level 11.6 Spellcasting
 - Level 8.2 Conjurations
 - Level 8.1 Hexes
 * Level 5.6 Fire Magic
 + Level 13.4 Ice Magic
 * Level 4.8 Air Magic
 + Level 0.2 Evocations


You had 3 spell levels left.
You knew the following spells:

 Your Spells              Type           Power        Failure   Level
a - Freeze                Ice            100%         1%          1
b - Frozen Ramparts       Ice            100%         1%          3
c - Ozocubu's Armour      Ice            73%          1%          3
d - Hailstorm             Conj/Ice       65%          1%          4
e - Metabolic Englaciati  Hex/Ice        32%          2%          5
f - Lightning Bolt        Conj/Air       16%          3%          5
g - Airstrike             Air            13%          2%          4
h - Fireball              Conj/Fire      26%          3%          5
i - Tukima's Dance        Hex            39%          1%          3

Your spell library contained the following spells:

 Spells                   Type           Power        Failure   Level
 Ozocubu's Refrigeration  Ice            36%          1%          6
 Corona                   Hex            43%          1%          1
 Shock                    Conj/Air       100%         1%          1
 Ensorcelled Hibernation  Hex/Ice        100%         1%          2
 Swiftness                Air            27%          1%          2
 Confusing Touch          Hex            39%          1%          3
 Dazzling Flash           Conj/Hex       78%          1%          3
 Static Discharge         Conj/Air       33%          1%          3
 Ignite Poison            Fire/Tmut/Pois 25%          2%          3
 Animate Skeleton         Necr           20%          7%          1
 Apportation              Tloc           20%          7%          1
 Beastly Appendage        Tmut           20%          7%          1
 Pain                     Necr           40%          7%          1
 Summon Small Mammal      Summ           40%          7%          1
 Call Imp                 Summ           10%          11%         2
 Wereblood                Tmut           10%          11%         2
 Gell's Gravitas          Tloc           5%           21%         3
 Spider Form              Tmut/Pois      5%           21%         3
 Ice Form                 Ice/Tmut       51%          4%          4
 Summon Ice Beast         Ice/Summ       51%          4%          4
 Yara's Violent Unravell  Hex/Tmut       12%          10%         5
 Starburst                Conj/Fire      26%          16%         6
 Dispel Undead            Necr           10%          56%         4
 Petrify                  Tmut/Erth      10%          56%         4
 Blade Hands              Tmut           5%           88%         5
 Excruciating Wounds      Necr           5%           88%         5
 Haunt                    Necr/Summ      5%           100%        7
 Summon Hydra             Summ           5%           100%        7
 Borgnjor's Revivificati  Necr           5%           100%        8
 Ignition                 Fire           23%          100%        8
 Infestation              Necr           5%           100%        8
 Necromutation            Tmut/Necr      5%           100%        8
 Death's Door             Necr           5%           100%        9


Dungeon Overview and Level Annotations

Branches:
Dungeon (12/15)            Temple (1/1) D:5            Lair (4/6) D:10
 Shoals (0/4) Lair:2       Spider (0/4) Lair:3          Orc (0/2) D:10
 Bailey (visited)

Altars:
Ashenzari
Cheibriados
Dithmenos
Elyvilon
Fedhas
Gozag
Hepliaklqana
Kikubaaqudgha
Makhleb
Nemelex Xobeh
Okawaru
Qazlal
Ru
Sif Muna
Trog
Uskayaw
Vehumet
Wu Jian
Xom
Yredelemnul
Zin
The Shining One
Beogh

Shops:
D:4 :   D:6 =[*

Portals:
Abyss: Lair:3

Annotations:
D:4 2 transporters, Cheops's ghost, novice KoEE
Lair:1 2 runed translucent doors, Cheops's ghost, journeyman KoEE
Lair:3 2 transporters, oc3rt's ghost, journeyman KoHu


Innate Abilities, Weirdness & Mutations

You can be seen from farther away. (+LOS)
You can swim through water.
You cover ground slowly.
You can hop long distances.
Your system is resistant to poisons. (rPois)
You are resistant to electric shocks. (rElec)


Message History

* * * LOW HITPOINT WARNING * * *
You completely miss the death yak.
The death yak is severely wounded.
You barely miss the death yak.
The death yak is severely wounded.
The death yak gores you but does no damage.
You sock the death yak!
The death yak flickers and vanishes!
Deactivating autopickup; reactivate with Ctrl-A.
Something gores you.
* * * LOW HITPOINT WARNING * * *
You sock something!
Nothing appears to happen.
You sock something! You freeze something. Vehumet accepts your kill.
You feel your power returning.
Reactivating autopickup.
You feel a bit more experienced.
You sock the death yak! You freeze the death yak.
The death yak is lightly wounded.
The death yak gores you!
You die...

...................
...................
..........Y........
...................
....(..............
..........#........
...(.....Y.#.......
#.......(Y##.......
........##@...#..
#.#.....#....## .
##....#....###
######.>...##
#..###...##
#..#.#...#
#.......# ###.....#
#.#.#.## ## ..P


You could see 2 death yaks.

Vanquished Creatures
  An orc warlord (Bailey)
  4 hydras
  A rakshasa (D:12)
  Harold (D:8)
  A centaur warrior (D:12)
  2 two-headed ogres (D:12)
  3 death yaks (Lair:4)
  Nergalle (Lair:1)
  An unseen horror (D:11)
  A glowing orange brain (Abyss:2)
  2 wolf spiders (Lair:3)
  2 orc knights
  An oklob plant (D:10)
  An ugly thing (D:11)
  2 cyclopes (D:12)
  Joseph (Lair:1)
  A merfolk siren (Lair:2)
  A gargoyle (D:12)
  A black mamba (Lair:1)
  8 cane toads
  8 komodo dragons
  Maggie (D:6)
  2 kobold demonologists
  2 trolls
  2 polar bears
  3 jumping spiders (Lair:3)
  7 blink frogs
  33 yaks
  2 wyverns
  3 basilisks
  9 water moccasins
  Duvessa (D:5)
  2 ice beasts
  A sky beast (D:12)
  20 orc warriors
  4 black bears
  3 phantoms
  6 ogres
  4 centaurs
  12 wolves
  6 big kobolds
  18 bullfrogs
  A wyvern zombie (D:7)
  Dowan (D:5)
  5 scorpions
  4 killer bees (D:7)
  13 wights
  7 howler monkeys
  3 bullfrog zombies
  5 hounds
  A jelly (D:10)
  11 orc priests
  Crazy Yiuf (D:2)
  3 bullfrog skeletons
  3 centaur skeletons
  Jessica (D:3)
  5 iguanas
  10 orc wizards
  7 worker ants
  3 hound skeletons
  2 hound zombies
  A howler monkey zombie (D:3)
  15 gnolls
  7 adders
  A shadow imp (D:8)
  A white imp (D:5)
  4 ufetubi
  2 oozes
  An adder zombie (D:6)
  A worm (D:2)
  6 leopard geckos
  71 orcs
  12 bats
  2 giant cockroaches
  34 goblins
  27 hobgoblins
  14 jackals
  22 kobolds
  8 quokkas
  4 ball pythons
  4 frilled lizards
  2 leopard gecko skeletons
  A leopard gecko zombie (D:5)
  A quokka simulacrum (D:9)
  12 rats
524 creatures vanquished.

Vanquished Creatures (others)
  An ice beast (D:9)
  5 howler monkeys
  3 wights (D:9)
  An iguana (D:9)
  A quokka (D:12)
  15 fungi
  15 plants
41 creatures vanquished.

Grand Total: 565 creatures vanquished

Notes
Turn   | Place    | Note
-------+----------+-------------------------------------------
     0 | D:1      | ubername the Barachi Ice Elementalist began the quest for
                  | the Orb.
     0 | D:1      | Reached XP level 1. HP: 13/13 MP: 3/3
   176 | D:1      | Reached skill level 5 in Ice Magic
   288 | D:1      | Reached XP level 2. HP: 19/19 MP: 3/5
   863 | D:1      | Reached XP level 3. HP: 24/24 MP: 4/6
   867 | D:1      | Learned a level 3 spell: Frozen Ramparts
  1999 | D:2      | Learned a level 3 spell: Ozocubu's Armour
  2617 | D:2      | Reached XP level 4. HP: 30/30 MP: 4/8
  3216 | D:2      | Found a shimmering altar of Xom.
  3247 | D:2      | Found a shimmering altar of Xom.
  3247 | D:2      | Found a bloodstained altar of Trog.
  3248 | D:2      | Found a sacrificial altar of Ru.
  3248 | D:2      | Found a broken altar of Ashenzari.
  3248 | D:2      | Found a shimmering altar of Xom.
  3284 | D:2      | Reached skill level 6 in Ice Magic
  4044 | D:2      | Found a runed translucent door.
  4045 | D:2      | Noticed Crazy Yiuf
  4199 | D:3      | Reached skill level 1 in Throwing
  4581 | D:3      | Reached XP level 5. HP: 35/35 MP: 5/9
  4695 | D:3      | Noticed Jessica
  4828 | D:3      | Killed Jessica
  5487 | D:3      | Reached skill level 1 in Short Blades
  6225 | D:4      | Reached XP level 6. HP: 42/42 MP: 4/11
  6622 | D:4      | Reached skill level 7 in Ice Magic
  6673 | D:4      | Found Genlele's Book Shoppe.
  6690 | D:4      | Found a transporter.
  6690 | D:4      | Noticed Cheops's ghost (novice KoEE)
  6691 | D:4      | Identified the +2 great mace "Yradac" {speed, rC+ Will+}
  6695 | D:4      | Noticed a phantom
  6741 | D:4      | Killed a phantom
  6829 | D:4      | Found a transporter.
  7038 | D:4      | Reached XP level 7. HP: 47/47 MP: 6/13
  7169 | D:5      | Entered Level 5 of the Dungeon
  7270 | D:5      | Noticed Duvessa
  7780 | D:5      | Found a staircase to the Ecumenical Temple.
  7793 | Temple   | Entered the Ecumenical Temple
  8080 | D:5      | Got a slimy lapis lazuli ring
  8174 | D:5      | Identified the cursed ring "Decsuos" {rPois Str-4 Int-3
                  | Slay+5} (You found it on level 5 of the Dungeon)
  8202 | D:5      | Killed Duvessa
  8203 | D:5      | Reached skill level 8 in Ice Magic
  8203 | D:5      | Noticed Dowan
  8319 | D:5      | Killed Dowan
  8320 | D:5      | Reached skill level 1 in Hexes
  9504 | D:2      | Killed Crazy Yiuf
  9505 | D:2      | Reached skill level 1 in Conjurations
  9546 | D:2      | Cast into level 2 of the Abyss (unwielding a weapon of
                  | distortion)
  9546 | Abyss:2  | Noticed a glowing orange brain
  9553 | Abyss:2  | Killed a glowing orange brain
  9554 | Abyss:2  | Reached skill level 1 in Fighting
  9554 | Abyss:2  | Reached skill level 5 in Spellcasting
  9554 | Abyss:2  | Reached XP level 8. HP: 54/54 MP: 10/15
  9558 | D:2      | Escaped the Abyss
  9950 | D:6      | Reached skill level 1 in Staves
 10058 | D:6      | Got a clouded bronze ring
 10070 | D:6      | Identified the ring "Xijuux" {Fire +Blink rPois rN+++
                  | Str-4} (You found it on level 6 of the Dungeon)
 10617 | D:6      | Noticed Maggie
 10628 | D:6      | Killed Maggie
 10629 | D:6      | Reached skill level 9 in Ice Magic
 10629 | D:6      | Reached XP level 9. HP: 39/61 MP: 6/18
 10772 | D:6      | Found Doon's Antique Armour Shop.
 10787 | D:6      | Found Ycoaxe's Jewellery Emporium.
 10982 | D:6      | Found a burning altar of Makhleb.
 10982 | D:6      | Found Soleuzu's Profane Products.
 11019 | D:6      | Gained mutation: You are resistant to electric shocks.
                  | (rElec) [potion of mutation]
 11019 | D:6      | Gained mutation: You evolve. [potion of mutation]
 11019 | D:6      | Gained mutation: Your system is resistant to poisons.
                  | (rPois) [potion of mutation]
 11299 | D:6      | Found a white marble altar of Elyvilon.
 11299 | D:6      | Found a broken altar of Ashenzari.
 11407 | D:7      | Learned a level 4 spell: Hailstorm
 12119 | D:7      | Got a twisted hand axe
 12120 | D:7      | Identified the +9 hand axe of Premature Burial {holy, rElec
                  | Dex-5 SInv} (You found it on level 7 of the Dungeon)
 12216 | D:7      | Found a sacrificial altar of Ru.
 12527 | D:8      | Lost mutation: You evolve. [evolution]
 12535 | D:8      | Noticed Harold
 13371 | D:9      | Reached XP level 10. HP: 68/68 MP: 8/20
 13380 | D:9      | Reached skill level 5 in Hexes
 13781 | D:9      | Reached skill level 5 in Staves
 13781 | D:9      | Reached skill level 10 in Ice Magic
 14581 | D:9      | Found a radiant altar of Vehumet.
 14591 | D:9      | Became a worshipper of Vehumet
 14725 | D:10     | Entered Level 10 of the Dungeon
 14814 | D:10     | Reached skill level 5 in Conjurations
 15398 | D:10     | Found a staircase to the Lair.
 15409 | D:10     | Noticed an oklob plant
 15419 | D:10     | Killed an oklob plant
 15420 | D:10     | Reached skill level 5 in Throwing
 15420 | D:10     | Reached XP level 11. HP: 52/75 MP: 11/22
 15961 | D:10     | Found a roughly hewn altar of Beogh.
 16605 | D:10     | Found a roughly hewn altar of Beogh.
 16606 | D:10     | Found a staircase to the Orcish Mines.
 16607 | D:10     | Noticed an orc knight
 16625 | D:10     | Killed an orc knight
 16631 | D:10     | Reached * piety under Vehumet
 16631 | D:10     | Offered knowledge of Shock by Vehumet.
 17264 | D:11     | Found a flagged portal.
 17274 | Bailey   | Entered a bailey
 17335 | Bailey   | Offered knowledge of Sandblast by Vehumet.
 17448 | Bailey   | Reached ** piety under Vehumet
 17508 | Bailey   | Noticed an orc knight
 17518 | Bailey   | Killed an orc knight
 17663 | Bailey   | Offered knowledge of Conjure Flame by Vehumet.
 17718 | Bailey   | Noticed an orc warlord
 17723 | Bailey   | Reached *** piety under Vehumet
 17738 | Bailey   | HP: 2/75 [orc warlord/+0 long sword of holy wrath (21)]
 17740 | Bailey   | Killed an orc warlord
 17741 | Bailey   | Reached skill level 11 in Ice Magic
 18042 | Bailey   | Identified Ecugeca's Guide on Necromancy and the Escort
 18205 | D:11     | Found a shadowy altar of Dithmenos.
 18413 | D:11     | Noticed a green ugly thing
 18428 | D:11     | Killed a green ugly thing
 18429 | D:11     | Reached XP level 12. HP: 81/81 MP: 22/25
 18623 | D:11     | Offered knowledge of Dazzling Flash by Vehumet.
 18678 | D:11     | HP: 2/81 [something (10)]
 19247 | D:8      | Learned a level 5 spell: Metabolic Englaciation
 19437 | D:8      | Killed Harold
 19859 | D:8      | Found a burning altar of Makhleb.
 19859 | D:8      | Noticed an Executioner
 19955 | D:10     | Learned a level 5 spell: Lightning Bolt
 20648 | D:12     | Learned a level 4 spell: Airstrike
 20666 | D:12     | Reached **** piety under Vehumet
 21053 | D:12     | Offered knowledge of Fireball by Vehumet.
 21129 | D:12     | Learned a level 5 spell: Fireball
 21249 | D:12     | Noticed a two-headed ogre
 21256 | D:12     | Killed a two-headed ogre
 21388 | D:12     | Noticed a two-headed ogre
 21401 | D:12     | Killed a two-headed ogre
 21402 | D:12     | Reached skill level 1 in Fire Magic
 21402 | D:12     | Reached skill level 1 in Air Magic
 21592 | D:12     | Reached skill level 10 in Spellcasting
 21816 | D:12     | Noticed a rakshasa
 21819 | D:12     | Noticed a centaur warrior
 21836 | D:12     | Killed a rakshasa
 21836 | D:12     | Killed a centaur warrior
 21882 | D:12     | Identified 2 scrolls of acquirement
 21882 | D:12     | Acquired 789 gold pieces
 22457 | D:4      | Bought a book of Fire for 910 gold pieces
 22457 | D:4      | Bought a book of Maledictions for 350 gold pieces
 22563 | Lair:1   | Entered Level 1 of the Lair of Beasts
 22575 | Lair:1   | Noticed a six-headed hydra
 22600 | Lair:1   | Killed a six-headed hydra
 22601 | Lair:1   | Reached skill level 5 in Dodging
 22779 | Lair:1   | Gained mutation: You can hop long distances. [Barachi
                  | growth]
 22779 | Lair:1   | Reached XP level 13. HP: 39/87 MP: 14/27
 23027 | Lair:1   | Reached skill level 12 in Ice Magic
 23112 | Lair:1   | Noticed Nergalle
 23132 | Lair:1   | Killed Nergalle
 23482 | Lair:1   | Noticed Joseph
 23513 | Lair:1   | Killed Joseph
 24028 | Lair:1   | Found a large runed translucent door.
 24028 | Lair:1   | Found a large runed translucent door.
 24029 | Lair:1   | Noticed Cheops's ghost (journeyman KoEE)
 24109 | Lair:1   | Acquired the ring "Xoemag" {rF++ Str-5 Int+6 Dex+4}
 24959 | Lair:2   | Reached ***** piety under Vehumet
 25137 | Lair:2   | Offered knowledge of Ozocubu's Refrigeration by Vehumet.
 25257 | Lair:2   | Found a staircase to the Shoals.
 25784 | Lair:3   | Learned a level 3 spell: Tukima's Dance
 26155 | Lair:3   | Found a transporter.
 26354 | Lair:3   | Found a hole to the Spider Nest.
 26369 | Lair:3   | Reached skill level 5 in Fire Magic
 26611 | Lair:3   | Reached skill level 13 in Ice Magic
 26956 | Lair:3   | Found a transporter.
 26963 | Lair:3   | Found a one-way gate to the infinite horrors of the Abyss.
 26963 | Lair:3   | Noticed oc3rt's ghost (journeyman KoHu)
 27955 | Lair:4   | Reached XP level 14. HP: 71/94 MP: 13/29
 28416 | Lair:4   | HP: 6/141 [death yak (5)]
 28419 | Lair:4   | HP: 1/141 [something (5)]
 28422 | Lair:4   | Mangled by a death yak

Illustrated notes

Levels and vault maps discovered:
D:1:      onia_arrival_handbag, layout_basic
D:2:      layout_basic, doesnt_xom_only_xom, serial_co_window_serial,
          co_window_of_opportunity_a, co_window_paths_a, co_window_paths_a,
          co_window_corner_a, co_window_corner_a, co_window_of_opportunity_a,
          co_window_of_opportunity_a, co_window_corner_a, co_window_corner_a,
          co_window_2corner, co_window_corner_b, co_window_corner_b,
          glass_columns_b, glass_columns_a, glass_columns_a, glass_columns_b,
          uniq_crazy_yiuf_cottage
D:3:      layout_loops_ring, uniq_jessica
D:4:      layout_cave_pools, serial_shops, shop, gammafunk_ghost_smash,
          corexii_leaking_fountain, minmay_small_thing
D:5:      layout_layer_cave, minmay_temple_entry_statues_pillars, uniq_duvessa
D:6:      layout_loops_ring, gammafunk_temple_overflow_elements, serial_shops,
          kennysheep_little_box, shop, nicolae_evil_shop, uniq_maggie
D:7:      layout_rooms, nicolae_ru_the_path_less_chosen
D:8:      layout_cave_pools, makhleb_altar_promises_db, uniq_harold
D:9:      layout_basic, fiery_altar_vehumet, serial_ice, serial_ice_o,
          serial_ice_n, serial_ice_a, serial_ice_g
D:10:     layout_small_grid, dpeg_oklobed_lair, david_orc_5,
          david_defended_altar_orc
D:11:     layout_grid_maze, basic_altar, lightli_bailey_entry_fortress
D:12:     layout_loops_ring, lemuel_flamethrower_2
Temple:   regret_index_temple_sphere_string
Lair:1:   wander_river, layout_chaotic_city, ebering_ghost_disaster_area,
          st_stairs_12, uniq_nergalle, uniq_joseph
Lair:2:   layout_misc_corridors, elwin_shoals_entry_rooms,
          infiniplex_staircase_pool_2
Lair:3:   layout_gridlike, spider_nest_entry_funnel_web,
          gammafunk_ghost_abyssal_escape, serial_bayou_pond_e
Lair:4:   layout_cave_shapes, grunt_megastairs_2

Skill      XL: |  1  2  3  4  5  6  7  8  9 10 11 12 13 |
---------------+----------------------------------------+-----
Ice Magic      | 5 6 7 8 9 10 11 13 | 13.4
Spellcasting   | 3 4 5 6 7 9 10 11 | 11.6
Throwing       | 1 2 3 4 5 6 7 |  7.3
Stealth        | 2 3 |  3.7
Short Blades   | 1 2 |  2.6
Hexes          | 3 4 5 6 7 8 |  8.1
Conjurations   | 2 4 5 6 8 |  8.2
Fighting       | 1 2 3 |  3.7
Staves         | 2 4 6 7 8 |  8.7
Dodging        | 3 4 5 |  5.4
Fire Magic     | 2 5 |  5.6
Air Magic      | 2 4 |  4.8
Evocations     | |  0.2

Action                   |  1- 3 |  4- 6 |  7- 9 | 10-12 | 13-15 || total
-------------------------+-------+-------+-------+-------+-------++-------
Melee: Dagger            |    21 |    54 |       |       |       ||    75
       Short sword       |       |    10 |    34 |       |       ||    44
       Quarterstaff      |       |       |   138 |   191 |    68 ||   397
       Staff             |       |       |       |   238 |   113 ||   351
Throw: Stone             |     6 |       |       |       |       ||     6
       Dart              |    21 |    46 |    20 |    41 |    14 ||   142
 Cast: Freeze            |    30 |     9 |     8 |    18 |     9 ||    74
       Frozen Ramparts   |    12 |    31 |    41 |   103 |    44 ||   231
       Ozocubu's Armour  |     1 |     8 |    27 |    53 |    29 ||   118
       Hailstorm         |       |       |     9 |    26 |    38 ||    73
       Metabolic Englaci |       |       |       |    19 |    18 ||    37
       Fireball          |       |       |       |     7 |     3 ||    10
       Airstrike         |       |       |       |     1 |       ||     1
 Abil: Hop               |       |       |     3 |     1 |       ||     4
       Evoke Blink       |       |       |       |     1 |       ||     1
Evoke: Wand              |       |       |     4 |     1 |     1 ||     6
       Phantom mirror    |       |       |       |     1 |       ||     1
  Use: Scroll            |     4 |     1 |    11 |    12 |     7 ||    35
       Potion            |       |     1 |     9 |     8 |     3 ||    21
 Stab: Sleeping          |       |       |     1 |       |       ||     1
       Confused          |       |       |       |     2 |       ||     2
       Petrifying        |       |       |       |     2 |       ||     2
Armor: Robe              |    20 |    19 |    18 |       |       ||    57
       Steam dragon scal |       |       |    62 |   288 |   102 ||   452
Dodge: Dodged            |    39 |    66 |   146 |   387 |   147 ||   785
